 Dungeon Crawl Stone Soup version 0.25-a0-589-g1e14c549ee (webtiles) character file.

Game seed: 14892093651413950626, levelgen mode: deterministic

114 Kohma the Slasher (level 4, -2/33 HPs)
             Began as a Demonspawn Gladiator on Mar 10, 2020.
             Was a Follower of Yredelemnul.
             Killed from afar by Blork the orc (7 damage)
             ... with a puff of frost
             ... on level 4 of the Dungeon.
             The game lasted 00:06:20 (2714 turns).

Kohma the Slasher (Demonspawn Gladiator)            Turns: 2714, Time: 00:06:20

Health: -2/33      AC:  8    Str: 14    XL:     4   Next: 67%
Magic:  4/4        EV: 13    Int: 11    God:    Yredelemnul [*.....]
Gold:   201        SH:  0    Dex: 14    Spells: 3/3 levels left

rFire    . . .     SeeInvis .   a - +0 long sword
rCold    . . .     Gourm    .   (no shield)
rNeg     . . .     Faith    .   b - +0 leather armour
rPois    .         Spirit   .   n - +0 helmet
rElec    .         Reflect  .   l - +0 cloak
rCorr    .         Harm     .   s - +0 pair of gloves
MR       .....                  q - +0 pair of boots
Stlth    +.........             (no amulet)
HPRegen  0.11/turn              (no ring)
MPRegen  0.09/turn              (no ring)

@: no status effects
A: hooves 1, rugged brown scales 1
a: Animate Remains, Renounce Religion


You were on level 4 of the Dungeon.
You worshipped Yredelemnul.
Yredelemnul was aware of your devotion.
You were not hungry.

You visited 1 branch of the dungeon, and saw 4 of its levels.

You collected 201 gold pieces.

Inventory:

Hand Weapons
 a - a +0 long sword (weapon)
Missiles
 d - a throwing net (quivered)
 h - 16 poisoned darts
 o - 20 bolts
Armour
 b - a +0 leather armour (worn)
 l - a +0 cloak (worn)
 n - a +0 helmet (worn)
 q - a +0 pair of boots (worn)
 s - a +0 pair of gloves (worn)
Wands
 u - a wand of paralysis (4)
Scrolls
 i - 2 scrolls of blinking {unknown}
 k - 3 scrolls of teleportation {unknown}
 m - 3 scrolls of magic mapping {unknown}
 p - 5 scrolls of identify {unknown}
 w - a scroll of remove curse {unknown}
 x - a scroll of enchant armour {unknown}
 y - a scroll of fear {unknown}
Potions
 c - a potion of cancellation {unknown}
 e - 3 potions of curing {unknown}
 g - a potion of brilliance {unknown}
 j - a potion of lignification {unknown}
 r - a potion of degeneration {unknown}
 t - a potion of haste {unknown}
 v - a potion of invisibility {unknown}
Comestibles
 f - 9 rations


   Skills:
 - Level 2.0 Fighting
 + Level 4.0 Long Blades
 - Level 1.7 Throwing
 - Level 4.0 Dodging


You had 3 spell levels left.
You didn't know any spells.
Your spell library was empty.

Dungeon Overview and Level Annotations

Branches:
Dungeon (4/15)
 Temple: D:4-7

Altars:
Ashenzari
Gozag
Yredelemnul
Zin

Annotations:
D:4 Blork the orc


Innate Abilities, Weirdness & Mutations

You have large cloven feet.
You are partially covered in rugged brown scales. (AC +1, +3% HP)


Message History

The leopard gecko closely misses you.
You riposte.
You hit the leopard gecko.
The leopard gecko is heavily wounded.
Blork the orc hits you with a +0 trident!
The leopard gecko barely misses you.
You riposte.
You hit the leopard gecko.
You kill the leopard gecko!
Yredelemnul accepts your kill.
Throwing (i - inventory. (/) - cycle)
d - 2 throwing nets (quivered)
Press: ? - help, Shift-Dir - straight line, f/p - Blork the orc
Aim: Blork the orc, wielding a +0 trident and wearing a +2 robe of positive energy (moderately wounded, fast)
You throw a throwing net.
The throwing net barely misses Blork the orc.
Blork the orc hits you with a +0 trident.
* * * LOW HITPOINT WARNING * * *
Okay, then.
Okay, then.
Okay, then.
Blork the orc casts a spell at you. The puff of frost hits you!
You die...
Your body rises from the dead as a mindless zombie.

#......(# #.......#
?.#
#.......########)..
.........##......
......#....#...# #.#
#.#....#?#.#
#.###<..##..(..
####....<..##†o# #
#....#####..@.##..###
#.##.# #.....!.....
...
#............#####
..... ........>....#
##..## ####..#..##..#
##. #......# .## #
....#.#.# .#
###...#.# ## ..


You could see Blork the orc.

Vanquished Creatures
  3 adders
  An ooze (D:1)
  An adder skeleton (D:2)
  A worm (D:2)
  3 dart slugs (D:1)
  4 leopard geckos
  An orc (D:3)
  A ball python (D:2)
  A giant cockroach (D:3)
  9 goblins
  2 hobgoblins
  4 jackals (D:3)
  10 kobolds
  4 quokkas
  9 bats
  4 frilled lizards
  6 rats
64 creatures vanquished.

Notes
Turn   | Place    | Note
-------+----------+-------------------------------------------
     0 | D:1      | Kohma the Demonspawn Gladiator began the quest for the Orb.
     0 | D:1      | Reached XP level 1. HP: 16/16 MP: 1/1
   309 | D:1      | Gained mutation: You are partially covered in rugged brown
                  | scales. (AC +1, +3% HP) [demonic ancestry]
   309 | D:1      | Reached XP level 2. HP: 12/22 MP: 2/2
  1163 | D:2      | Gained mutation: You have large cloven feet. [demonic
                  | ancestry]
  1163 | D:2      | Reached XP level 3. HP: 27/27 MP: 3/3
  1166 | D:2      | Found a basalt altar of Yredelemnul.
  1698 | D:2      | Found an opulent altar of Gozag.
  1700 | D:2      | Found a shattered altar of Ashenzari.
  1862 | D:2      | Became a worshipper of Yredelemnul the Dark
  1886 | D:2      | Reached XP level 4. HP: 30/33 MP: 4/4
  2271 | D:3      | Reached * piety under Yredelemnul
  2554 | D:3      | Found a glowing silver altar of Zin.
  2704 | D:4      | Noticed Blork the orc
  2714 | D:4      | Killed from afar by Blork the orc

Levels and vault maps discovered:
D:1:      heliophobic_arrival_battle_scene, layout_loops_corners
D:2:      layout_loops_cross, yredelemnul_altar_generic, minitemple,
          first_ration
D:3:      layout_loops_cross, zin_scriptorium
D:4:      layout_rooms, uniq_blork_the_orc

Skill      XL: |  1  2  3  4 |
---------------+-------------+-----
Long Blades    | 3 4 |  4.0
Dodging        | 3 4 |  4.0
Fighting       | |  2.0
Throwing       | |  1.7

Action                   |  1- 3 |  4- 6 || total
-------------------------+-------+-------++-------
Melee: Long sword        |    79 |    75 ||   154
       Kick              |     3 |       ||     3
Throw: Throwing net      |       |     2 ||     2
 Stab: Sleeping          |       |     1 ||     1
  Eat: Chunk             |     3 |     3 ||     6
Armor: Leather armour    |    23 |    37 ||    60
Dodge: Dodged            |    57 |    87 ||   144
       Rpst.: Long sword |    27 |    30 ||    57

Table legend:
 A = Non-vault XP
 B = Vault XP
 C = Vault XP percentage of total XP
 D = Non-vault monster count
 E = Vault monster count
 F = Vault count percentage of total count
                 A         B        C        D         E       F
            +---------+---------+-------+---------+---------+-------
      Total |     164 |       0 |   0.0 |      64 |       0 |   0.0
            +---------+---------+-------+---------+---------+-------
        D:1 |      35 |       0 |   0.0 |      16 |       0 |   0.0
        D:2 |      67 |       0 |   0.0 |      24 |       0 |   0.0
        D:3 |      59 |       0 |   0.0 |      23 |       0 |   0.0
        D:4 |       3 |       0 |   0.0 |       1 |       0 |   0.0
            +---------+---------+-------+---------+---------+-------
